 Dungeon Crawl Stone Soup version 0.31-a0-174-g85c54bcb58 (webtiles) character file.

Game seed: 8073432818534456148

45410 qw the Severer (level 14, -2/90 HPs)
             Began as a Gargoyle Fighter on June 15, 2023.
             Was an Elder of Okawaru.
             Killed by divine providence
             ... invoked by a meliai
              (12 damage)
             ... on level 12 of the Dungeon.
             The game lasted 00:10:15 (15304 turns).

qw the Severer (Gargoyle Fighter)                  Turns: 15304, Time: 00:10:15

Health: -2/90      AC: 34    Str: 25    XL:     14   Next: 33%
Magic:  21/21      EV: 19    Int:  9    God:    Okawaru [****..]
Gold:   1164       SH:  6    Dex:  9    Spells: 13/13 levels left

rFire   . . .        q - +0 war axe
rCold   + . .        c - +0 buckler
rNeg    + . .        t - +0 plate armour
rPois   inf          n - +2 helmet
rElec   +            u - +0 cloak
rCorr   .            (no gloves)
SInv    .            e - +0 pair of boots
Will    +....        w - amulet of Stoicism {Faith Regen+} Stlth
                     z - ring "Wacviez" {rC+ EV+5}
HPRegen 1.15/turn    o - +5 ring of evasion
MPRegen 0.17/turn

%: faith
@: heroic, flying
A: sickness immunity, AC +10, big wings, negative energy resistance 1,
electricity resistance, torment resistance 1, petrification resistance
a: Renounce Religion, Heroism, Finesse


You were on level 12 of the Dungeon.
You worshipped Okawaru.
Okawaru was greatly pleased with you.
You visited 3 branches of the dungeon, and saw 18 of its levels.
You also visited: Sewer.

You collected 1164 gold pieces.


Innate Abilities, Weirdness & Mutations

You are immune to sickness and miasma.
Your stone body is resilient. (AC +10)
You are immune to poison.
Your large and strong wings let you fly.
You resist negative energy. (rN+)
You are resistant to electric shocks. (rElec)
You are resistant to unholy torment.
You are immune to petrification.


   Skills:
 - Level 11.1(16.1) Fighting
 - Level 15.0(20.0) Axes
 - Level 6.2(11.2) Throwing
 + Level 10.6(15.6) Armour
 - Level 2.1(7.1) Dodging
 - Level 7.4(12.4) Shields
 - Level 10.0 Invocations


You had 13 spell levels left.
You didn't know any spells.
Your spell library was empty.

Inventory:

Hand Weapons
 p - a +1 flail of protection
 q - a +0 war axe (weapon)
Missiles
 a - 2 boomerangs
 b - 12 javelins
 s - 2 silver javelins (quivered)
Armour
 c - a +0 buckler (worn)
 e - a +0 pair of boots (worn)
 n - a +2 helmet (worn)
 t - a +0 plate armour (worn)
 u - a +0 cloak (worn)
 y - the +0 pair of gloves of Ohagiklu {Harm rF+}
   (Okawaru gifted it to you on level 3 of the Lair of Beasts)

   rF:        It protects you from fire.
   Harm:      It increases damage dealt and taken.
Jewellery
 g - a ring of fire
 j - a ring of ice
 o - a +5 ring of evasion (right hand)
 w - the amulet of Stoicism (around neck) {Faith Regen+}
   (You found it on level 6 of the Dungeon)

   [amulet of faith]

   It allows you to gain divine favour quickly.
   Regen:     It increases your rate of health regeneration.
 z - the ring "Wacviez" (left hand) {rC+ EV+5}
   (You found it on level 5 of the Lair of Beasts)

   [ring of evasion]

   EV:        It affects your evasion (+5).
   rC:        It protects you from cold.
Scrolls
 f - 2 scrolls of identify
Potions
 d - 3 potions of might
 i - 4 potions of mutation
 k - a potion of lignification
 l - 2 potions of attraction
 m - 3 potions of haste
 r - a potion of magic

Dungeon Overview and Level Annotations

Branches:
Dungeon (12/15)            Temple (1/1) D:5            Lair (5/5) D:10
 Shoals (0/4) Lair:2       Spider (0/4) Lair:2        Slime (0/5) Lair:5
    Orc (0/2) D:10          Sewer (visited)

Altars:
Ashenzari
Cheibriados
Dithmenos
Elyvilon
Fedhas
Gozag
Hepliaklqana
Kikubaaqudgha
Makhleb
Nemelex Xobeh
Okawaru
Qazlal
Ru
Sif Muna
Trog
Uskayaw
Vehumet
Wu Jian
Xom
Yredelemnul
Zin
The Shining One
Jiyva

Annotations:
D:5 3 runed translucent doors, qw's ghost, amateur GrFi; qw's ghost, novice GrFi
D:12 Frances


Message History

Enter note:
Enter note:
Enter note:
Enter note:
Enter note:
Enter note:
Enter note:
Enter note:
Enter note:
Enter note:
Enter note:
Enter note:
Enter note:
Enter note:
Enter note:
Enter note:
Enter note: You hit the killer bee.
The killer bee is lightly wounded.
You slash the killer bee! You miss the killer bee.
The killer bee stings you but does no damage.
The killer bee closely misses you.
Enter note:
Enter note:
Enter note:
Enter note:
Enter note:
Enter note:
Enter note:
Enter note: You miss the killer bee.
The killer bee is heavily wounded.
You hit the killer bee. You closely miss the killer bee. x2
You slash the killer bee!
You kill the killer bee!
Okawaru accepts your kill. You block the killer bee's attack. x2
The meliai invokes the aid of its god against you.
Something smites you!
You die...

#######'#### #....
#..## #### ##..# #
########'###
###+##### #
#..........#
#!.!..%.. ####
#.....%....#
#...yy... #...
#..........#
+!.y%.%%.### #...
#..........+
#yyyyy..T%3####...
#..........#
#@yyy%.@.#.4..'...
#..........#
#yyyyy.y.######...
#..........#
#!.%yy.y% #...
#..........#
####+#### #...
####'####### #<..
#..### #... ##...#
###. ######'###
######+### #
#........###........#


You could see Frances (fast), a queen bee, a troll, 2 meliai and 17 killer bees.

Vanquished Creatures
  Erica (D:9)
  A catoblepas (Lair:5)
  3 hydras
  6 death yaks
  A deep troll shaman (Lair:5)
  A fire crab (Lair:4)
  A lindwurm (Lair:5)
  A manticore (D:11)
  2 elephants (Lair:5)
  6 black mambas
  A torpor snail (Lair:5)
  11 cane toads
  An unseen horror (D:11)
  9 komodo dragons
  A rime drake (Lair:5)
  2 trolls (D:12)
  A meliai (D:12)
  2 polar bears
  3 hornets
  4 dream sheep (Lair:4)
  24 blink frogs
  A spriggan (Lair:4)
  55 yaks
  A shadow (D:10)
  2 wraiths (D:10)
  12 wyverns
  2 humans (D:9)
  5 basilisks
  A redback (Lair:2)
  16 water moccasins
  6 orc warriors
  5 sky beasts
  2 black bears
  An ice beast (D:8)
  2 ogres (D:6)
  21 wolves
  10 centaurs
  3 phantoms
  2 kobold brigands
  A gnoll sergeant (D:9)
  22 bullfrogs
  2 scorpions
  8 wights
  22 killer bees
  3 howler monkeys (D:9)
  4 jellies (Lair:5)
  6 orc priests
  3 hounds
  An iguana (D:4)
  7 hell rats (Lair:5)
  Jessica (D:2)
  15 orc wizards
  Robin (D:3)
  5 gnolls (D:9)
  4 adders
  2 white imps
  A worm (D:4)
  5 dart slugs
  31 orcs
  8 endoplasms
  2 giant cockroaches (D:4)
  20 goblins
  6 hobgoblins
  6 jackals (D:1)
  3 quokkas
  5 ball pythons
  9 bats
  5 frilled lizards
  14 kobolds
  3 rats
454 creatures vanquished.

Notes
Turn   | Place    | Note
-------+----------+-------------------------------------------
     0 | D:1      | qw the Gargoyle Fighter began the quest for the Orb.
     0 | D:1      | Reached XP level 1. HP: 14/14 MP: 1/1
     0 | D:1      | 0 ||| qw: Version: 0.2-a-29-g511e9b1
     0 | D:1      | 0 ||| qw: Game counter: 5299
     0 | D:1      | 0 ||| qw: Always use a shield: true
     0 | D:1      | 0 ||| qw: God list: Okawaru
     0 | D:1      | 0 ||| qw: Allow faded altars: false
     0 | D:1      | 0 ||| qw: Do Orc after D:15 true
     0 | D:1      | 0 ||| qw: Do second Lair branch before Depths: true
     0 | D:1      | 0 ||| qw: Lair rune preference: random
     0 | D:1      | 0 ||| qw: Plans: Normal, Zot:1-4, Slime:5, God:TSO, Crypt,
                  | Tomb, Abyss, Pan, Hells, Win
     0 | D:1      | 0 ||| PLANNING D:1-11
   109 | D:1      | 109 ||| Stepping ~*~*~tactically~*~*~ (hiding).
   117 | D:1      | Reached skill level 2 in Axes
   251 | D:1      | 251 ||| Stepping ~*~*~tactically~*~*~ (stealth).
   253 | D:1      | 253 ||| Stepping ~*~*~tactically~*~*~ (hiding).
   263 | D:1      | Reached XP level 2. HP: 17/19 MP: 2/2
   282 | D:1      | 282 ||| Stepping ~*~*~tactically~*~*~ (stealth).
   462 | D:1      | Reached skill level 3 in Axes
   509 | D:1      | Reached XP level 3. HP: 23/23 MP: 3/3
   589 | D:1      | 589 ||| DROPPING +0 club.
   961 | D:1      | 961 ||| READING scroll labelled SOADOPN ZEZAGE.
   962 | D:1      | 962 ||| READING 3 scrolls labelled GISI DOGGACUYJ.
   963 | D:1      | 963 ||| READING 2 scrolls labelled ILISA BOASTO.
   964 | D:1      | 964 ||| READING scroll labelled ILLUMM UDIHI.
   980 | D:1      | 980 ||| READING scroll labelled EMAPSOFUITT.
   981 | D:1      | 981 ||| READING 2 scrolls of identify.
   981 | D:1      | 981 ||| IDENTIFYING bubbling red potion
   982 | D:1      | 982 ||| DROPPING scroll of amnesia.
   997 | D:2      | 997 ||| Stepping ~*~*~tactically~*~*~ (hiding).
  1139 | D:2      | Noticed Jessica
  1143 | D:2      | Killed Jessica
  1144 | D:2      | Reached XP level 4. HP: 23/28 MP: 4/4
  1149 | D:2      | Reached skill level 4 in Axes
  1183 | D:2      | 1183 ||| Stepping ~*~*~tactically~*~*~ (stealth).
  1680 | D:2      | 1680 ||| UPGRADING to +0 pair of boots.
  1685 | D:2      | 1685 ||| DROPPING +6 ring of intelligence.
  1686 | D:2      | 1686 ||| READING scroll labelled KOUBEA DYISS.
  1691 | D:2      | 1691 ||| READING scroll labelled ODEBRIFFEPI.
  1888 | D:3      | 1888 ||| Stepping ~*~*~tactically~*~*~ (stealth).
  1991 | D:3      | Noticed Robin
  2004 | D:3      | Killed Robin
  2006 | D:3      | Reached XP level 5. HP: 16/32 MP: 5/5
  2277 | D:3      | Found a glowing silver altar of Zin.
  2281 | D:3      | 2281 ||| UPGRADING to +0 helmet.
  2286 | D:3      | 2286 ||| READING scroll labelled KYTIUN NAROYM.
  2287 | D:3      | 2287 ||| READING scroll labelled SICARI XUMNEITS.
  2288 | D:3      | 2288 ||| DRINKING 2 smoky green potions.
  2289 | D:3      | 2289 ||| READING 2 scrolls of identify.
  2289 | D:3      | 2289 ||| IDENTIFYING cyan potion
  2290 | D:3      | 2290 ||| DROPPING potion of berserk rage.
  2291 | D:3      | 2291 ||| DROPPING potion of degeneration.
  2325 | D:4      | 2325 ||| PLANNING SEWER
  2390 | D:4      | 2390 ||| Stepping ~*~*~tactically~*~*~ (stealth).
  2392 | D:4      | 2392 ||| Stepping ~*~*~tactically~*~*~ (stealth).
  2415 | D:4      | Found a glowing drain.
  2426 | D:4      | 2426 ||| FLEEEEING.
  2427 | D:4      | 2427 ||| FLEEEEING.
  2428 | D:4      | 2428 ||| FLEEEEING.
  2479 | Sewer    | Entered a sewer
  2514 | Sewer    | Noticed a water moccasin
  2538 | Sewer    | Killed a water moccasin
  2539 | Sewer    | Reached skill level 5 in Axes
  2539 | Sewer    | Reached XP level 6. HP: 17/37 MP: 6/6
  2626 | Sewer    | 2626 ||| READING scroll of enchant armour.
  2626 | Sewer    | 2626 ||| ENCHANTING +0 helmet.
  2657 | D:4      | 2657 ||| PLANNING D:1-11
  2884 | D:4      | 2884 ||| DROPPING +0 whip.
  3201 | D:4      | 3201 ||| DROPPING ring of wizardry.
  3250 | D:5      | Entered Level 5 of the Dungeon
  3311 | D:5      | Reached skill level 6 in Axes
  3311 | D:5      | Reached XP level 7. HP: 31/44 MP: 7/7
  3320 | D:5      | Reached skill level 1 in Dodging
  3412 | D:5      | Identified the +5 falchion "Ogrebane" {spect, Will+ Str+5
                  | Int-4}
  3430 | D:5      | 3430 ||| Stepping ~*~*~tactically~*~*~ (hiding).
  3706 | D:5      | Found a runed translucent gate.
  3706 | D:5      | Found a runed translucent gate.
  3706 | D:5      | Found a runed translucent gate.
  3745 | D:5      | Found a glowing golden altar of the Shining One.
  3792 | D:5      | Found a staircase to the Ecumenical Temple.
  3793 | D:5      | 3793 ||| PLANNING TEMPLE
  3793 | D:5      | 3793 ||| UPGRADING to +0 chain mail.
  3803 | D:5      | 3803 ||| DROPPING +0 scale mail.
  3804 | D:5      | 3804 ||| UPGRADING to +6 ring of dexterity.
  3805 | D:5      | 3805 ||| UPGRADING to +4 ring of protection.
  3814 | Temple   | Entered the Ecumenical Temple
  3913 | Temple   | 3913 ||| PLANNING D:1-11
  3927 | D:5      | 3927 ||| Stepping ~*~*~tactically~*~*~ (hiding).
  3928 | D:5      | 3928 ||| Stepping ~*~*~tactically~*~*~ (hiding).
  3930 | D:5      | 3930 ||| Stepping ~*~*~tactically~*~*~ (hiding).
  4042 | D:5      | You fall into a shaft and drop 1 floor!
  4133 | D:6      | Reached skill level 1 in Throwing
  4170 | D:6      | 4170 ||| UPGRADING to +0 cloak.
  4175 | D:6      | 4175 ||| UPGRADING to amulet of the acrobat.
  4180 | D:6      | 4180 ||| READING scroll labelled CUJIBO TIAPA.
  4295 | D:5      | Noticed qw's ghost (amateur GrFi)
  4295 | D:5      | Noticed qw's ghost (novice GrFi)
  4794 | D:6      | Identified the amulet of Stoicism {Faith Regen+}
  5114 | D:6      | Reached skill level 7 in Axes
  5119 | D:6      | Reached XP level 8. HP: 46/49 MP: 8/8
  5372 | D:6      | 5372 ||| UPGRADING to +0 plate armour.
  5382 | D:6      | 5382 ||| DROPPING +0 chain mail.
  5383 | D:6      | 5383 ||| UPGRADING to amulet of Stoicism {Faith Regen+}.
  5393 | D:6      | 5393 ||| DROPPING amulet of the acrobat.
  5394 | D:6      | 5394 ||| READING scroll labelled KAHASA LEAX.
  5395 | D:6      | 5395 ||| READING 2 scrolls of identify.
  5395 | D:6      | 5395 ||| IDENTIFYING smoky silvery potion
  5414 | D:7      | Noticed a wyvern
  5425 | D:7      | Killed a wyvern
  5497 | D:7      | 5497 ||| Stepping ~*~*~tactically~*~*~ (hiding).
  5498 | D:7      | 5498 ||| Stepping ~*~*~tactically~*~*~ (hiding).
  5499 | D:7      | 5499 ||| Stepping ~*~*~tactically~*~*~ (hiding).
  5501 | D:7      | 5501 ||| Stepping ~*~*~tactically~*~*~ (hiding).
  5502 | D:7      | 5502 ||| Stepping ~*~*~tactically~*~*~ (hiding).
  5503 | D:7      | 5503 ||| Stepping ~*~*~tactically~*~*~ (hiding).
  5620 | D:7      | Found a stormy altar of Qazlal.
  5621 | D:7      | Found a sparkling altar of Nemelex Xobeh.
  5622 | D:7      | Found a basalt altar of Yredelemnul.
  5623 | D:7      | Found a hide-covered altar of Uskayaw.
  5640 | D:7      | 5640 ||| READING scroll of enchant armour.
  5640 | D:7      | 5640 ||| ENCHANTING +1 helmet.
  5762 | D:7      | 5762 ||| Stepping ~*~*~tactically~*~*~ (stealth).
  5776 | D:7      | Reached skill level 8 in Axes
  5834 | D:7      | 5834 ||| Stepping ~*~*~tactically~*~*~ (stealth).
  5835 | D:7      | 5835 ||| Stepping ~*~*~tactically~*~*~ (stealth).
  5836 | D:7      | 5836 ||| Stepping ~*~*~tactically~*~*~ (hiding).
  5837 | D:7      | 5837 ||| Stepping ~*~*~tactically~*~*~ (hiding).
  5838 | D:7      | 5838 ||| Stepping ~*~*~tactically~*~*~ (hiding).
  5839 | D:7      | 5839 ||| FLEEEEING.
  5842 | D:7      | 5842 ||| Stepping ~*~*~tactically~*~*~ (hiding).
  5910 | D:7      | Reached skill level 6 in Fighting
  5910 | D:7      | Reached XP level 9. HP: 50/56 MP: 9/9
  6027 | D:7      | Found a shimmering blue altar of Sif Muna.
  6027 | D:7      | Found a faded altar of an unknown god.
  6034 | D:7      | Found a bloodstained altar of Trog.
  6036 | D:7      | Found an ornate altar of the Wu Jian Council.
  6038 | D:7      | Found an opulent altar of Gozag.
  6131 | D:7      | 6131 ||| UPGRADING to +5 ring of evasion.
  6133 | D:7      | 6133 ||| DROPPING +6 ring of dexterity.
  6134 | D:7      | 6134 ||| READING scroll labelled GUGEGI GUIRI.
  6135 | D:7      | 6135 ||| READING 2 scrolls of identify.
  6135 | D:7      | 6135 ||| IDENTIFYING inky potion
  6162 | D:8      | 6162 ||| Stepping ~*~*~tactically~*~*~ (stealth).
  6164 | D:8      | 6164 ||| Stepping ~*~*~tactically~*~*~ (stealth).
  6200 | D:8      | Reached skill level 9 in Axes
  6234 | D:8      | Reached skill level 6 in Armour
  6382 | D:8      | Reached skill level 3 in Throwing
  6524 | D:8      | 6524 ||| DROPPING +0 flail.
  6659 | D:8      | 6659 ||| Stepping ~*~*~tactically~*~*~ (hiding).
  6660 | D:8      | 6660 ||| Stepping ~*~*~tactically~*~*~ (hiding).
  6818 | D:8      | 6818 ||| READING 3 scrolls of identify.
  6818 | D:8      | 6818 ||| IDENTIFYING golden potion
  6819 | D:8      | 6819 ||| READING 2 scrolls of identify.
  6819 | D:8      | 6819 ||| IDENTIFYING emerald potion
  6988 | D:9      | 6988 ||| FLEEEEING.
  7005 | D:9      | Noticed a hornet
  7011 | D:9      | Reached skill level 10 in Axes
  7011 | D:9      | Reached XP level 10. HP: 57/63 MP: 10/10
  7112 | D:9      | 7112 ||| Stepping ~*~*~tactically~*~*~ (hiding).
  7113 | D:9      | 7113 ||| Stepping ~*~*~tactically~*~*~ (hiding).
  7309 | D:9      | Noticed Erica
  7309 | D:9      | 7309 ||| Stepping ~*~*~tactically~*~*~ (stealth).
  7329 | D:9      | HP: 16/64 [something (3)]
  7330 | D:9      | 7330 ||| READING 2 scrolls of teleportation.
  7331 | D:9      | 7331 ||| DRINKING 3 potions of heal wounds.
  7459 | D:9      | 7459 ||| Stepping ~*~*~tactically~*~*~ (stealth).
  7462 | D:9      | 7462 ||| DRINKING potion of curing.
  7462 | D:9      | 7462 ||| (to cure confusion)
  7488 | D:9      | HP: 13/64 [something/lance of force (20)]
  7490 | D:9      | HP: 6/64 [something (4)]
  7494 | D:9      | 7494 ||| READING scroll of teleportation.
  7495 | D:9      | 7495 ||| DRINKING 2 potions of heal wounds.
  7517 | D:9      | 7517 ||| Stepping ~*~*~tactically~*~*~ (stealth).
  7569 | D:9      | HP: 8/64 [something (20)]
  7574 | D:9      | HP: 9/64 [something (2)]
  7575 | D:9      | Killed Erica
  7576 | D:9      | Reached skill level 11 in Axes
  7757 | D:9      | Found an iron altar of Okawaru.
  7758 | D:9      | 7758 ||| PLANNING OKAWARU WORSHIP
  7758 | D:9      | 7758 ||| DRINKING 2 sedimented emerald potions.
  7759 | D:9      | 7759 ||| DROPPING potion of brilliance.
  7765 | D:9      | Became a worshipper of Warmaster Okawaru
  7766 | D:9      | 7766 ||| PLANNING D:1-11
  7855 | D:10     | Entered Level 10 of the Dungeon
  7897 | D:10     | Reached * piety under Okawaru
  7904 | D:10     | Reached XP level 11. HP: 65/68 MP: 11/11
  7909 | D:10     | Reached skill level 1 in Invocations
  7918 | D:10     | Found a staircase to the Lair.
  7938 | D:10     | 7938 ||| Stepping ~*~*~tactically~*~*~ (hiding).
  8029 | D:10     | 8029 ||| Stepping ~*~*~tactically~*~*~ (stealth).
  8031 | D:10     | 8031 ||| Stepping ~*~*~tactically~*~*~ (stealth).
  8033 | D:10     | 8033 ||| Stepping ~*~*~tactically~*~*~ (stealth).
  8071 | D:10     | Reached skill level 3 in Invocations
  8283 | D:10     | 8283 ||| Stepping ~*~*~tactically~*~*~ (hiding).
  8292 | D:10     | 8292 ||| INVOKING Heroism.
  8333 | D:10     | 8333 ||| INVOKING Heroism.
  8360 | D:10     | 8360 ||| DROPPING +3 flail.
  8361 | D:10     | 8361 ||| DROPPING +2 flail of draining.
  8373 | D:10     | Found a staircase to the Orcish Mines.
  8423 | D:10     | 8423 ||| Stepping ~*~*~tactically~*~*~ (hiding).
  8452 | D:10     | Reached ** piety under Okawaru
  8453 | D:10     | Reached skill level 9 in Fighting
  8569 | D:10     | 8569 ||| Stepping ~*~*~tactically~*~*~ (stealth).
  8714 | D:10     | 8714 ||| Stepping ~*~*~tactically~*~*~ (stealth).
  8768 | D:10     | Found a broken altar of Ashenzari.
  8891 | D:10     | 8891 ||| PLANNING LAIR
  8905 | Lair:1   | Entered Level 1 of the Lair of Beasts
  8915 | Lair:1   | Reached *** piety under Okawaru
  9019 | Lair:1   | 9019 ||| INVOKING Heroism.
  9028 | Lair:1   | Reached skill level 12 in Axes
  9031 | Lair:1   | 9031 ||| Stepping ~*~*~tactically~*~*~ (stealth).
  9106 | Lair:1   | Reached skill level 9 in Armour
  9163 | Lair:1   | 9163 ||| INVOKING Heroism.
  9180 | Lair:1   | Reached skill level 6 in Shields
  9185 | Lair:1   | Reached **** piety under Okawaru
  9185 | Lair:1   | Received a gift from Okawaru
  9278 | Lair:1   | 9278 ||| INVOKING Heroism.
  9350 | Lair:1   | Reached XP level 12. HP: 76/76 MP: 15/15
  9415 | Lair:1   | Received a gift from Okawaru
  9515 | Lair:1   | 9515 ||| INVOKING Heroism.
  9575 | Lair:1   | 9575 ||| Stepping ~*~*~tactically~*~*~ (stealth).
  9576 | Lair:1   | 9576 ||| INVOKING Heroism.
  9579 | Lair:1   | 9579 ||| Stepping ~*~*~tactically~*~*~ (stealth).
  9720 | Lair:1   | 9720 ||| READING scroll labelled YCKAOFAUFU.
  9821 | Lair:1   | 9821 ||| READING scroll labelled GUFALLEUST.
  9856 | Lair:2   | 9856 ||| STAIRDANCE
  9861 | Lair:1   | 9861 ||| INVOKING Heroism.
  9897 | Lair:2   | 9897 ||| INVOKING Heroism.
  9904 | Lair:2   | Received a gift from Okawaru
  9939 | Lair:2   | 9939 ||| Stepping ~*~*~tactically~*~*~ (stealth).
  9941 | Lair:2   | 9941 ||| INVOKING Heroism.
 10039 | Lair:2   | 10039 ||| INVOKING Heroism.
 10306 | Lair:2   | Reached skill level 6 in Invocations
 10307 | Lair:2   | Found a hole to the Spider Nest.
 10333 | Lair:2   | 10333 ||| INVOKING Heroism.
 10333 | Lair:2   | Noticed a six-headed hydra
 10346 | Lair:2   | 10346 ||| SWAPPING to +0 flail of protection.
 10368 | Lair:2   | 10368 ||| INVOKING Heroism.
 10374 | Lair:2   | Killed a six-headed hydra
 10412 | Lair:2   | 10412 ||| UPGRADING to +0 war axe.
 10466 | Lair:2   | Found a staircase to the Shoals.
 10683 | Lair:2   | 10683 ||| INVOKING Heroism.
 10725 | Lair:2   | Reached ***** piety under Okawaru
 11180 | Lair:3   | 11180 ||| INVOKING Heroism.
 11186 | Lair:3   | Reached skill level 13 in Axes
 11243 | Lair:3   | 11243 ||| Stepping ~*~*~tactically~*~*~ (stealth).
 11280 | Lair:3   | 11280 ||| Stepping ~*~*~tactically~*~*~ (hiding).
 11282 | Lair:3   | 11282 ||| Stepping ~*~*~tactically~*~*~ (hiding).
 11371 | Lair:3   | 11371 ||| Stepping ~*~*~tactically~*~*~ (hiding).
 11564 | Lair:3   | Identified the +0 pair of gloves of Ohagiklu {Harm rF+}
                  | (Okawaru gifted it to you on level 3 of the Lair of Beasts)
 11564 | Lair:3   | Received a gift from Okawaru
 11565 | Lair:3   | Reached XP level 13. HP: 81/82 MP: 19/19
 12204 | Lair:4   | 12204 ||| INVOKING Heroism.
 12223 | Lair:4   | Reached skill level 9 in Invocations
 12229 | Lair:4   | 12229 ||| INVOKING Finesse.
 12242 | Lair:4   | 12242 ||| SWAPPING to +0 flail of protection.
 12270 | Lair:4   | 12270 ||| INVOKING Heroism.
 12327 | Lair:4   | 12327 ||| UPGRADING to +0 war axe.
 12918 | Lair:4   | 12918 ||| INVOKING Heroism.
 13094 | Lair:4   | 13094 ||| READING scroll labelled UNIGIUJOPS.
 13095 | Lair:4   | 13095 ||| DRINKING 2 grey potions.
 13096 | Lair:4   | 13096 ||| READING 2 scrolls of identify.
 13096 | Lair:4   | 13096 ||| IDENTIFYING orange potion
 13097 | Lair:4   | 13097 ||| DROPPING potion of enlightenment.
 13124 | Lair:5   | Entered Level 5 of the Lair of Beasts
 13125 | Lair:5   | 13125 ||| INVOKING Heroism.
 13131 | Lair:5   | 13131 ||| STAIRDANCE
 13135 | Lair:4   | 13135 ||| Stepping ~*~*~tactically~*~*~ (cloud).
 13194 | Lair:5   | 13194 ||| INVOKING Heroism.
 13220 | Lair:5   | Reached skill level 14 in Axes
 13226 | Lair:5   | Received a gift from Okawaru
 13241 | Lair:5   | 13241 ||| INVOKING Heroism.
 13273 | Lair:5   | 13273 ||| Stepping ~*~*~tactically~*~*~ (stealth).
 13299 | Lair:5   | 13299 ||| Stepping ~*~*~tactically~*~*~ (stealth).
 13300 | Lair:5   | 13300 ||| Stepping ~*~*~tactically~*~*~ (stealth).
 13351 | Lair:5   | 13351 ||| Stepping ~*~*~tactically~*~*~ (stealth).
 13408 | Lair:5   | 13408 ||| INVOKING Heroism.
 13420 | Lair:5   | Received a gift from Okawaru
 13429 | Lair:5   | HP: 18/84 [death yak (10)]
 13430 | Lair:5   | 13430 ||| DRINKING 4 potions of heal wounds.
 13436 | Lair:5   | HP: 11/84 [catoblepas (11)]
 13437 | Lair:5   | 13437 ||| DRINKING 3 potions of heal wounds.
 13443 | Lair:5   | Received a gift from Okawaru
 13444 | Lair:5   | 13444 ||| INVOKING Heroism.
 13444 | Lair:5   | HP: 13/84 [death yak (17)]
 13445 | Lair:5   | 13445 ||| DRINKING 2 potions of heal wounds.
 13446 | Lair:5   | 13446 ||| INVOKING Finesse.
 13450 | Lair:5   | HP: 10/84 [death yak (16)]
 13451 | Lair:5   | 13451 ||| DRINKING potion of heal wounds.
 13455 | Lair:5   | Received a gift from Okawaru
 13456 | Lair:5   | Reached skill level 6 in Throwing
 13462 | Lair:5   | 13462 ||| Stepping ~*~*~tactically~*~*~ (hiding).
 13476 | Lair:5   | HP: 14/84 [lindwurm/blast of flame (32)]
 13478 | Lair:5   | Gained mutation: Your large and strong wings let you fly.
                  | [Gargoyle growth]
 13478 | Lair:5   | Reached XP level 14. HP: 16/90 MP: 16/21
 13508 | Lair:5   | 13508 ||| Stepping ~*~*~tactically~*~*~ (stealth).
 13614 | Lair:5   | 13614 ||| INVOKING Heroism.
 13622 | Lair:5   | 13622 ||| SWAPPING to +0 flail of protection.
 13631 | Lair:5   | 13631 ||| UPGRADING to +0 war axe.
 13634 | Lair:5   | 13634 ||| Stepping ~*~*~tactically~*~*~ (stealth).
 13700 | Lair:5   | Found a viscous altar of Jiyva.
 13700 | Lair:5   | Found a staircase to the Slime Pits.
 13824 | Lair:5   | Found a dark tunnel.
 14068 | Lair:5   | 14068 ||| Stepping ~*~*~tactically~*~*~ (stealth).
 14129 | Lair:5   | Received a gift from Okawaru
 14151 | Lair:5   | 14151 ||| INVOKING Heroism.
 14152 | Lair:5   | 14152 ||| INVOKING Finesse.
 14213 | Lair:5   | Identified the ring "Wacviez" {rC+ EV+5}
 14221 | Lair:5   | 14221 ||| PLANNING D:1-11
 14221 | Lair:5   | 14221 ||| UPGRADING to ring "Wacviez" {rC+ EV+5}.
 14223 | Lair:5   | 14223 ||| UPGRADING to +5 ring of evasion.
 14225 | Lair:5   | 14225 ||| DROPPING +4 ring of protection.
 14226 | Lair:5   | 14226 ||| DRINKING 2 ruby potions.
 14259 | Lair:5   | 14259 ||| READING 3 scrolls of identify.
 14259 | Lair:5   | 14259 ||| IDENTIFYING yellow potion
 14260 | Lair:5   | 14260 ||| DROPPING potion of ambrosia.
 14548 | D:11     | 14548 ||| Stepping ~*~*~tactically~*~*~ (stealth).
 14579 | D:11     | 14579 ||| Stepping ~*~*~tactically~*~*~ (stealth).
 14580 | D:11     | 14580 ||| Stepping ~*~*~tactically~*~*~ (stealth).
 14587 | D:11     | 14587 ||| Stepping ~*~*~tactically~*~*~ (stealth).
 14588 | D:11     | 14588 ||| Stepping ~*~*~tactically~*~*~ (stealth).
 14590 | D:11     | 14590 ||| Stepping ~*~*~tactically~*~*~ (stealth).
 14593 | D:11     | 14593 ||| Stepping ~*~*~tactically~*~*~ (stealth).
 14608 | D:11     | Reached skill level 15 in Axes
 14657 | D:11     | 14657 ||| DRINKING potion of curing.
 14657 | D:11     | 14657 ||| (to cure confusion)
 14824 | D:11     | 14824 ||| Stepping ~*~*~tactically~*~*~ (hiding).
 14825 | D:11     | 14825 ||| Stepping ~*~*~tactically~*~*~ (hiding).
 14826 | D:11     | 14826 ||| Stepping ~*~*~tactically~*~*~ (hiding).
 14827 | D:11     | 14827 ||| Stepping ~*~*~tactically~*~*~ (hiding).
 14830 | D:11     | 14830 ||| INVOKING Heroism.
 14838 | D:11     | Received a gift from Okawaru
 15028 | D:11     | 15028 ||| PLANNING D
 15028 | D:11     | 15028 ||| DROPPING scarf of shadows.
 15245 | D:12     | 15245 ||| DROPPING +0 flail of protection.
 15272 | D:12     | Noticed Frances
 15273 | D:12     | 15273 ||| INVOKING Heroism.
 15290 | D:12     | HP: 17/90 [meliai/divine providence (15)]
 15291 | D:12     | 15291 ||| READING 2 scrolls of teleportation.
 15291 | D:12     | HP: 5/90 [Frances/+3 dire flail of draining (13)]
 15297 | D:12     | 15297 ||| READING scroll of teleportation.
 15297 | D:12     | HP: 5/90 [troll (5)]
 15304 | D:12     | Killed from afar by a meliai

Levels and vault maps discovered:
D:1:      wheals_arrival_linesprint, layout_basic
D:2:      layout_rooms, serial_curves, eino_curves_04, eino_curves_02,
          uniq_jessica
D:3:      layout_rooms, zin_treasury, uniq_robin
D:4:      layout_loops_cross, cheibrodos_sewer_entry_drain
D:5:      layout_basic, tso_altar, minmay_temple_entry_large_hall,
          gammafunk_ghost_cemetery, minmay_misc_feat_rows,
          minmay_misc_feat_cross
D:6:      layout_gridville, kennysheep_generic_room_5
D:7:      layout_rooms, mainiacjoe_overflow_alcove_3,
          chequers_temple_overflow_minitemple, st_stairs_10
D:8:      layout_loops_cross, kennysheep_generic_room_14
D:9:      layout_cave_pools, okawaru_humans, enter_bailey_6, grunt_ministairs_5,
          uniq_erica
D:10:     layout_basic, lemuel_doored_altar, due_lair_maze_entry_diamond,
          david_orc_4
D:11:     layout_rooms, minmay_misc_feat_alley
D:12:     layout_roguey [special_room_bee], special_room [special_room_orc],
          serial_shops, shop, uniq_frances
Temple:   hellmonk_temple_beads
Lair:1:   layout_roguey, grunt_megastairs_2
Lair:2:   layout_gridlike, minmay_shoals_entry_centaurs, spider_nest_entry_webs,
          infiniplex_staircase_pool, grunt_megastairs_4
Lair:3:   layout_cave_pods
Lair:4:   layout_cave_pods, grunt_forest_large_clearing_hut
Lair:5:   grunt_lair_end_beastmaster, layout_misc_corridors,
          nicolae_slime_entry_field_trip, nicolae_volcano_entry_hallway

Skill      XL: |  1  2  3  4  5  6  7  8  9 10 11 12 13 14 |
---------------+-------------------------------------------+-----
Axes           | 2 3 4 5 6 7 8 10 11 12 13 14 15 | 15.0
Fighting       | 4 5 6 7 8 9 10 11 | 11.1
Dodging        | 1 2 |  2.1
Throwing       | 2 3 4 5 6 |  6.2
Armour         | 5 6 7 9 10 | 10.6
Shields        | 4 5 6 7 |  7.4
Invocations    | 4 8 10 | 10.0

Action                     |  1- 3 |  4- 6 |  7- 9 | 10-12 | 13-15 || total
---------------------------+-------+-------+-------+-------+-------++-------
  Melee: War axe           |    86 |   186 |   280 |   789 |   447 ||  1788
         Flail             |       |       |       |    36 |    56 ||    92
  Throw: Javelin           |       |       |    33 |   143 |    87 ||   263
         Boomerang         |       |       |       |       |    48 ||    48
 Invoke: Heroism           |       |       |       |    15 |    12 ||    27
         Finesse           |       |       |       |       |     3 ||     3
    Use: Scroll            |     6 |     6 |     8 |     4 |     5 ||    29
         Potion            |       |     1 |       |     4 |     7 ||    12
   Stab: Petrified         |       |       |       |       |     7 ||     7
 Armour: Scale mail        |    45 |    99 |    15 |       |       ||   159
         Chain mail        |       |       |    14 |       |       ||    14
         Plate armour      |       |       |   187 |   497 |   263 ||   947
  Dodge: Dodged            |    34 |    72 |   181 |   497 |   273 ||  1057
  Block: Buckler           |    18 |    34 |    66 |   223 |   139 ||   480

Table legend:
 A = Non-vault XP
 B = Vault XP
 C = Vault XP percentage of total XP
 D = Non-vault monster count
 E = Vault monster count
 F = Vault count percentage of total count
                 A         B        C        D         E       F
            +---------+---------+-------+---------+---------+-------
      Total |   47866 |   17065 |  26.3 |     353 |     101 |  22.2
            +---------+---------+-------+---------+---------+-------
        D:1 |      51 |       0 |   0.0 |      27 |       0 |   0.0
        D:2 |      23 |      37 |  61.7 |      13 |       1 |   7.1
        D:3 |      23 |      36 |  61.0 |      12 |      11 |  47.8
        D:4 |      88 |       7 |   7.4 |      14 |       3 |  17.6
        D:5 |     329 |       0 |   0.0 |       8 |       0 |   0.0
        D:6 |     517 |     127 |  19.7 |       5 |       2 |  28.6
        D:7 |     940 |     345 |  26.8 |      21 |       3 |  12.5
        D:8 |    1321 |       0 |   0.0 |      21 |       0 |   0.0
        D:9 |    2781 |    1494 |  34.9 |      24 |      11 |  31.4
       D:10 |    3566 |    1860 |  34.3 |      34 |      23 |  40.4
       D:11 |    2589 |       0 |   0.0 |      20 |       0 |   0.0
       D:12 |     603 |     612 |  50.4 |       2 |       6 |  75.0
     Lair:1 |    5566 |    1468 |  20.9 |      29 |       5 |  14.7
     Lair:2 |    6334 |    1431 |  18.4 |      28 |       9 |  24.3
     Lair:3 |    4359 |       0 |   0.0 |      23 |       0 |   0.0
     Lair:4 |    8256 |    1394 |  14.4 |      28 |       3 |   9.7
     Lair:5 |   10520 |    8095 |  43.5 |      44 |      19 |  30.2
      Sewer |       0 |     159 | 100.0 |       0 |       5 | 100.0
            +---------+---------+-------+---------+---------+-------
